 Dungeon Crawl Stone Soup version 0.20.1-1-g8b1a95d (webtiles) character file.

86 Reeggar the Ducker (level 4, -7/24 HPs)
             Began as a Spriggan Abyssal Knight on Sept 19, 2017.
             Was a Believer of Lugonu.
             Shot with an arrow by a centaur (8 damage)
             ... on level 6 of the Dungeon.
             The game lasted 00:26:47 (3284 turns).

Reeggar the Ducker (Spriggan Abyssal Knight)        Turns: 3284, Time: 00:26:47

Health: -7/24      AC:  2    Str:  8    XL:     4   Next: 27%
Magic:  6/6        EV: 20    Int: 13    God:    Lugonu [**....]
Gold:   93         SH:  0    Dex: 16    Spells: 2/3 levels left

rFire    + . .     SeeInvis +   h - +1 spear (venom)
rCold    . . .     Gourm    .   (shield restricted)
rNeg     . . .     Faith    .   b - +0 robe
rPois    .         Spirit   .   (helmet restricted)
rElec    .         Reflect  .   (no cloak)
rCorr    .         Harm     .   (gloves unavailable)
MR       .....                  (boots unavailable)
Stlth    ++........             (no amulet)
Regen    0.1/turn               j - ring of protection from fire
MPRegen  0.1/turn               (no ring)

@: very quick
A: unfitting armour, see invisible, herbivore 3, speed 3, slow metabolism 2
a: Depart the Abyss, Bend Space, Renounce Religion


You were on level 6 of the Dungeon.
You worshipped Lugonu.
Lugonu was pleased with you.
You were not hungry.

You visited 1 branch of the dungeon, and saw 5 of its levels.
You visited the Abyss 1 time.

You collected 93 gold pieces.

Inventory:

Hand Weapons
 a - a +2 hand axe
 h - a +1 spear of venom (weapon)
Missiles
 k - 14 poisoned needles (quivered)
Armour
 b - a +0 robe (worn)
Jewellery
 j - a ring of protection from fire (left hand)
 r - a +2 ring of protection {unknown}
Potions
 d - a potion of ambrosia {unknown}
 e - a potion of might
 f - a potion of lignification
 g - a potion of curing {unknown}
 i - 2 potions of degeneration {unknown}
 l - a potion of agility {unknown}
 m - a potion of haste {unknown}
 n - a potion of heal wounds {unknown}
 p - a potion of cancellation {unknown}
Books
 q - a book of Cantrips

   Spells                             Type                      Level
   a - Confusing Touch                Hexes                        1
   b - Animate Skeleton               Necromancy                   1
   c - Summon Small Mammal            Summoning                    1
   d - Apportation                    Translocation                1
Comestibles
 c - 5 bread rations
 o - a royal jelly


   Skills:
 + Level 3.2 Fighting
 - Level 2.1 Axes
 - Level 0.2(1.1) Polearms
 + Level 4.5 Dodging
 + Level 1.4 Stealth
 + Level 2.1 Invocations


You had 2 spell levels left.
You knew the following spells:

 Your Spells              Type           Power        Failure   Level  Hunger
a - Summon Small Mammal   Summ           #...         30%         1    ##.....


Dungeon Overview and Level Annotations

Branches:
Dungeon (4/15)
 Temple: D:4-7

Altars:
Cheibriados
Elyvilon
Fedhas
Sif Muna


Innate Abilities, Weirdness & Mutations

You are very small and have problems with some larger weapons.
You are too small for most types of armour.
You have supernaturally acute eyesight. (SInv)
You are a herbivore.
You cover ground extremely quickly.
You need consume almost no food.


Message History

You hear the sound of rushing water.
There is an entrance to a sewer on this level.
Hurry and find it before the portal rusts away!
A centaur and a zombie come into view.
Found a bread ration.
Found an escape hatch in the ceiling.
Found a stone staircase leading down.
The centaur shouts!
The centaur wields a shortbow.
The centaur shoots an arrow.
The arrow completely misses you.
The centaur shoots an arrow.
The arrow misses you.
The centaur shoots an arrow.
The arrow hits you!
You see here an arrow.
The centaur shoots an arrow.
The arrow barely misses you.
You see here an arrow.
A worm comes into view.
The centaur shoots an arrow.
The arrow hits you!
Ouch! That really hurt!
* * * LOW HITPOINT WARNING * * *
You see here an arrow.
The centaur shoots an arrow.
The arrow hits you!
You die...

##......... ..#
#.....cZ... ...#
##..........
...#
#...........
#..##....>......
#..............
##..(.((.......
##....(.......
##@(......###
##....####
##..## ##..#
##... #.w# ..≈≈
...≈


You could see a centaur, a worm and a bullfrog zombie (wandering).

Vanquished Creatures
  A worker ant (D:4)
  4 oozes
  A dart slug (D:3)
  A leopard gecko (D:1)
  An orc (D:3)
  2 giant cockroaches (D:2)
  7 goblins
  8 hobgoblins
  5 kobolds
  A quokka (D:4)
  5 bats
  A frilled lizard (D:3)
  4 rats
41 creatures vanquished.

Notes
Turn   | Place    | Note
-------+----------+-------------------------------------------
     0 | Abyss:1  | Reeggar the Spriggan Abyssal Knight began the quest for the Orb.
     0 | Abyss:1  | Reached XP level 1. HP: 11/11 MP: 3/3
    56 | D:1      | Escaped the Abyss
   148 | D:1      | Reached XP level 2. HP: 14/16 MP: 4/4
  1493 | D:2      | Reached ** piety under Lugonu
  1493 | D:2      | Reached XP level 3. HP: 18/19 MP: 5/5
  1618 | D:2      | Reached skill level 4 in Dodging
  1913 | D:2      | Found a white marble altar of Elyvilon.
  1920 | D:2      | Found a deep blue altar of Sif Muna.
  2663 | D:3      | Learned a level 1 spell: Summon Small Mammal
  2760 | D:3      | Found a snail-covered altar of Cheibriados.
  2760 | D:3      | Found a blossoming altar of Fedhas.
  3238 | D:4      | Reached skill level 1 in Stealth
  3238 | D:4      | Reached XP level 4. HP: 24/24 MP: 6/6
  3274 | D:4      | You fall through a shaft for 2 floors!
  3274 | D:6      | Noticed a centaur
  3283 | D:6      | HP: 1/24 [centaur/arrow (15)]
  3284 | D:6      | Shot with an arrow by a centaur

Skill      XL: |  1  2  3 |
---------------+----------+-----
Axes           | 2 |  2.1
Dodging        | 4 |  4.5
Fighting       | 3 |  3.2
Stealth        | 1 |  1.4
Invocations    | 2 |  2.1
Polearms       | |  0.2

Action                   |  1- 3 |  4- 6 || total
-------------------------+-------+-------++-------
Melee: Hand axe          |    49 |       ||    49
       Spear             |    70 |       ||    70
 Cast: Summon Small Mamm |     1 |       ||     1
  Use: Scroll            |     6 |       ||     6
 Stab: Distracted        |     1 |       ||     1
       Sleeping          |     1 |       ||     1
Armor: Robe              |    11 |       ||    11
Dodge: Dodged            |   123 |     3 ||   126
